AoeStats
← dankalashnikov

Arena

509507213Analyzed
2v2 RM · 5d ago on Sep 27, 2026· 80m 47s· 4 players
Game mode
Random Map
Map size
Medium (4 player)
Population
200
Speed
Normal
Resources
Standard
Victory
Conquest
Starting age
Dark Age
Ending age
Imperial Age
RankedLock teamsTeams togetherTeam positionsShared explorationLock speedFull tech treeHidden civsTurbo modeCheats
Victory
Defeat
🇺🇸 Chinese · United States
541
+16
🇻🇪 Khmer · Venezuela
470
+19
🇺🇸 Byzantines · United States
699
-50
🇺🇸 Danes · United States
382
-11
12ozPapa
1:16 Loom
17:23 Feudal Age
19:41 Horse Collar
19:53 Double-Bit Axe
20:01 Gold Mining
20:01 Stone Mining
20:26 Town Watch
21:17 Wheelbarrow
20:33 Arson
20:09 Man-at-Arms
27:11 Fletching
27:31 Forging
27:22 Scale Mail Armor
32:37 Castle Age
39:19 Gold Shaft Mining
39:19 Stone Shaft Mining
38:56 Heavy Plow
39:09 Bow Saw
39:07 Squires
38:29 Pikeman
40:49 Town Patrol
41:05 Hand Cart
40:49 Bodkin Arrow
41:30 Iron Casting
41:10 Chain Mail Armor
40:58 Caravan
40:27 Hamask
41:29 Husbandry
41:39 Bloodlines
41:07 Light Cavalry
53:08 Murder Holes
53:04 Guard Tower
53:35 Ballistics
53:25 Masonry
56:02 Imperial Age
54:11 Coinage
55:31 Devotion
55:42 Redemption
56:46 Halberdier
56:46 Elite Varangian Guard
57:54 Bracer
58:55 Blast Furnace
58:25 Plate Mail Armor
58:46 Keep
57:56 Arrowslits
59:12 Chemistry
58:17 Siege Engineers
61:13 Capped Ram
62:16 Conscription
62:31 Hoardings
61:17 Elite Jomsviking
61:18 Northmen's Fury
61:23 Elite Skirmisher
62:39 Siege Ram
dankalashnikov
12:22 Feudal Age
12:59 Horse Collar
13:07 Double-Bit Axe
13:59 Wheelbarrow
20:05 Castle Age
18:50 Man-at-Arms
20:53 Thumb Ring
21:31 Bow Saw
20:47 Crossbowman
21:05 Light Cavalry
21:40 Elite Skirmisher
23:40 Husbandry
29:49 Hand Cart
31:31 Loom
31:54 Caravan
33:36 Forging
33:16 Fletching
33:50 Greek Fire
36:54 Imperial Age
38:27 Hussar
39:56 Pikeman
40:37 Squires
40:22 Gambesons
43:19 Halberdier
44:13 Capped Ram
46:40 Siege Ram
46:47 Elite Cataphract
48:11 Iron Casting
47:31 Bodkin Arrow
48:58 Two-Man Saw
47:51 Arson
49:02 Conscription
49:19 Elite Varangian Guard
50:45 Ballistics
50:12 Arrowslits
52:00 Siege Ram
56:21 Logistica
56:49 Hoardings
55:50 Long Swordsman
58:24 Guilds
59:06 Bracer
59:07 Padded Archer Armor
59:07 Scale Mail Armor
59:21 Two-Handed Swordsman
61:30 Heavy Plow
62:41 Champion
63:42 Arbalester
64:24 Onager
66:42 Hoardings
67:31 Chemistry
66:12 Treadmill Crane
66:28 Murder Holes
67:08 Crop Rotation
66:35 Gold Mining
66:36 Stone Mining
Vzla_Carlos18
0:28 Loom
13:59 Feudal Age
16:34 Horse Collar
16:43 Double-Bit Axe
18:15 Town Watch
19:05 Wheelbarrow
19:13 Gold Mining
19:13 Stone Mining
25:36 Castle Age
26:24 Heavy Plow
26:37 Bow Saw
29:19 Husbandry
29:32 Bloodlines
28:44 Light Cavalry
35:15 Gold Shaft Mining
35:18 Stone Shaft Mining
43:33 Imperial Age
41:23 Hand Cart
42:33 Town Patrol
43:01 Ballistics
42:37 Murder Holes
42:52 Masonry
44:56 Caravan
45:19 Siege Engineers
49:03 Chemistry
48:09 Siege Engineers
48:35 Architecture
48:16 Fortified Wall
48:52 Heavy Scorpion
49:57 Conscription
52:59 Crop Rotation
55:46 Double Crossbow
56:00 Padded Archer Armor
55:54 Fletching
64:26 Hoardings
63:23 Sappers
67:20 Leather Archer Armor
67:00 Bodkin Arrow
68:42 Bracer
69:13 Ring Archer Armor
LosBajaElo
1:14 Loom
13:16 Feudal Age
16:59 Man-at-Arms
19:24 Double-Bit Axe
20:17 Wheelbarrow
20:15 Horse Collar
28:12 Castle Age
27:45 Gold Mining
27:50 Stone Mining
29:31 Heavy Plow
29:47 Bow Saw
31:31 Town Watch
33:23 Hand Cart
33:11 Pikeman
34:25 Fletching
34:36 Padded Archer Armor
43:26 Town Patrol
46:00 Imperial Age
45:13 Gold Shaft Mining
44:56 Leather Archer Armor
44:54 Bodkin Arrow
46:38 Fortified Wall
46:24 Murder Holes
46:51 Ballistics
48:47 Halberdier
50:48 Bracer
58:26 Conscription
58:12 Heavy Rocket Cart
61:00 Two-Man Saw
62:04 Light Cavalry
62:55 Bloodlines
66:46 Chemistry
65:52 Caravan
66:26 Guard Tower
66:49 Masonry
68:04 Thumb Ring
68:20 Scale Barding Armor
68:16 Scale Mail Armor
68:26 Forging
68:47 Ring Archer Armor
74:18 Elite Chu Ko Nu
74:25 Elite Chu Ko Nu
75:10 Husbandry
76:42 Chain Barding Armor
76:38 Chain Mail Armor
76:58 Iron Casting
77:00 Architecture
76:48 Squires
76:34 Arson
79:53 Great Wall
81:20 Blast Furnace
80:50 Plate Mail Armor
80:55 Plate Barding Armor
Connection lost

Rejoining the realm…

Still unreachable

The connection could not be restored.

Session expired

The server has moved on; the page needs a fresh start.